 Dungeon Crawl Stone Soup version 0.31-a0-988-g08d55dae12 (webtiles) character file.

Game seed: 5549510081082011615

46 Azuregosa the Sneak (level 3, -2/26 HPs)
             Began as an Octopode Delver on Nov 5, 2023.
             Slain by an orc
             ... wielding a +0 trident
              (4 damage)
             ... on level 5 of the Dungeon.
             The game lasted 00:04:15 (253 turns).

Azuregosa the Sneak (Octopode Delver)                Turns: 253, Time: 00:04:16

Health: -2/26      AC:  1    Str: 11    XL:     3   Next: 68%
Magic:  3/3        EV: 13    Int: 14    God:
Gold:   0          SH:  0    Dex: 13    Spells: 2/2 levels left

rFire   . .          .
                       - Unarmed
rCold   . . .        (no shield)
rNeg    . . .        (helmet restricted)
rPois   .            (no amulet)
rElec   .            b - ring of willpower
rCorr   .            (no ring)
SInv    .            (no ring)
Will    +....        (no ring)
Stlth   +++++        (no ring)
HPRegen 0.24/turn    (no ring)
MPRegen 0.08/turn    (no ring)
                     (no ring)

%: no passive effects
@: no status effects
A: almost no armour, amphibious, 8 rings, camouflage 1, gelatinous body 1,
(nimble swimmer 1), tentacles
a: no special abilities


You were on level 5 of the Dungeon.
You visited 1 branch of the dungeon, and saw 3 of its levels.

Inventory:

Jewellery
 b - a ring of willpower (left tentacle)
Wands
 e - a wand of digging (2)
Scrolls
 a - a scroll of fog
 c - a scroll of fear
Potions
 d - a potion of haste


   Skills:
 - Level 3.1 Fighting
 - Level 2.2 Dodging
 + Level 7.9 Stealth
 - Level 2.2 Unarmed Combat


You had 2 spell levels left.
You didn't know any spells.
Your spell library was empty.

Dungeon Overview and Level Annotations

Branches:
Dungeon (6/15)
 Temple: D:4-7

Altars:


Innate Abilities, Weirdness & Mutations

You cannot wear most types of armour.
You are amphibious.
You can wear up to eight rings at the same time.
Your skin changes colour to match your surroundings (Stealth+).
Your rubbery body absorbs attacks. (AC +1, EV +1)
((You are camouflaged when in or above water. (Stealth+)))
You have tentacles for arms and can constrict up to eight enemies at once.


Message History

You start resting.
An orc comes into view. It is wielding a +0 dagger.
You barely miss the orc. You grab the orc. You constrict the orc.
The orc closely misses you.
You tentacle-slap the orc.
The orc is almost dead.
You constrict the orc.
You kill the orc!
You start resting.
An orc wizard comes into view. It is wielding a +0 dagger.
You see here a +0 dagger.
An orc comes into view. It is wielding a +0 hand axe.
A scorpion comes into view.
You see here a +0 dagger.
There is a stone staircase leading down here.
You start resting.
An orc wizard is nearby!
You see here a +0 mace.
The orc wizard shouts!
You hear a shout!
You closely miss the orc wizard. You grab the orc wizard.
You squeeze the orc wizard!
The orc wizard is severely wounded.
You constrict the orc wizard.
The orc wizard hits you with a +0 dagger.
The orc hits you from afar with a +0 trident!
You tentacle-slap the orc wizard but do no damage.
You squeeze the orc wizard.
You kill the orc wizard!
The orc hits you from afar with a +0 trident!
* * * LOW HITPOINT WARNING * * *
You have reached level 3!
Your experience leads to an increase in your attributes!
Increase (S)trength, (I)ntelligence, or (D)exterity?
You feel clever. x2
The orc barely misses you.
Things that are here:
a +0 dagger; a +0 robe; an orc corpse You closely miss the orc.
Your grab misses the orc. You squeeze the orc, but do no damage.
The orc hits you with a +0 trident.
You die...

,**,,,,,,,,*,* #...# #.....
,**,,,.....#.#####...#######.....
,**,,......#....##...#.....'.....
,**,,...................####.....
,**,,......#....##....### #.....
,**,,......#....####..#######'###
,,,,,,.....................##.#**
**,**###.#.#....#..######......,,
,,,,,.......>)..@.........,.....,
**,**###.#.#)####o#######.......,
,*,,,...............,,,,+,,,,,,,,
,*,**###.#.#.####.###****,,,,,,,,
,*,*,,..,#.#.#**#..,,* *,,,,,,,,
,*,,,..#......o.....,****,,,,,,,,
,*,,,......#........,,,,,,,,,,,,,
,*,,,...##.#######..o*****,******
,*,**.#.,.,,,,,,,,,,,,****,******


You could see an orc.

Vanquished Creatures
  An orc wizard (D:5)
  2 adders
  2 orcs (D:5)
5 creatures vanquished.

Notes
Turn   | Place    | Note
-------+----------+-------------------------------------------
     0 | D:5      | Azuregosa the Octopode Delver began the quest for the Orb.
     0 | D:5      | Reached XP level 1. HP: 16/16 MP: 1/1
    40 | D:4      | Noticed a phantom
    42 | D:4      | Reached XP level 2. HP: 17/21 MP: 2/2
   116 | D:6      | Noticed a kobold brigand
   167 | D:5      | Reached skill level 7 in Stealth
   213 | D:6      | Noticed a bullfrog
   218 | D:6      | Noticed a phantom
   240 | D:5      | Noticed a scorpion
   251 | D:5      | HP: 1/21 [orc/+0 trident (8)]
   252 | D:5      | Reached XP level 3. HP: 2/26 MP: 3/3
   253 | D:5      | Slain by an orc

Illustrated notes

Levels and vault maps discovered:
D:4:      layout_rooms, okawaru_ov_weapons_minmay, gammafunk_ghost_grave,
          nrook_mini_vaults, uniq_natasha
D:5:      layout_basic, corexii_checkpoint, kennysheep_donut
D:6:      layout_basic, overflow_temple_1_default, lemuel_crystal_altar,
          nicolae_overflow_two_pavilions, portal_sewer_entry_d,
          serial_bayou_pond_c, grunt_decor_mini_mirrors

Skill      XL: |  1  2 |
---------------+-------+-----
Stealth        | 7 |  7.9
Fighting       | |  3.1
Dodging        | |  2.2
Unarmed Combat | |  2.2

Action                     || total
---------------------------++-------
  Melee: Unarmed           ||    13
         Tentacles         ||     6
         Constrict         ||     5
         Punch             ||     1
  Evoke: Wand              ||     1
    Use: Scroll            ||     1
   Stab: Sleeping          ||     2
 Armour: Skin              ||     7
  Dodge: Dodged            ||     6

Table legend: (Time is in decaauts)
 A = Elapsed time spent in this place.
 B = Non-inter-level travel time spent in this place.
 C = Inter-level travel time spent in this place.
 D = Time resting spent in this place.
 E = Time spent auto-exploring this place.
 F = Levels seen in this place.
 G = Mean time per level.
                   A        B        C        D        E       F      G
               +--------+--------+--------+--------+--------+-----+--------+
         Total |    252 |    252 |      0 |     21 |     36 |   3 |   84.0 |
       Dungeon |    252 |    252 |      0 |     21 |     36 |   3 |   84.0 |
               +--------+--------+--------+--------+--------+-----+--------+

Top non-repeatable levels by time:
     D:5: 154 daAuts
     D:6: 90 daAuts
     D:4: 7 daAuts
